 Dungeon Crawl Stone Soup version 0.30-a0-385-gfebfb9b408 (webtiles) character file.

Game seed: 3784495970527651417

242 Sabo the Ducker (level 5, -4/79 HPs)
             Began as a Troll Berserker on Dec 2, 2022.
             Was a Priest of Trog.
             Slain by a gnoll
             ... wielding a +0 spear
             ... led by a gnoll bouda
              (5 damage)
             ... on level 4 of the Dungeon.
             The game lasted 00:13:54 (2835 turns).

Sabo the Ducker (Troll Berserker)                   Turns: 2835, Time: 00:13:57

Health: -4/79      AC:  5    Str: 25    XL:     5   Next: 82%
Magic:  4/4        EV: 10    Int:  3    God:    Trog [***...]
Gold:   214        SH:  0    Dex: 11    Spells: 4/4 levels left

rFire   . . .      SeeInvis .    g - +2 short sword (venom)
rCold   . . .      Faith    .    (no shield)
rNeg    . . .      Spirit   .    i - +0 robe
rPois   .          Reflect  .    (helmet restricted)
rElec   .          Harm     .    o - +0 cloak
rCorr   .          Rampage  .    (gloves unavailable)
Will    .....                    (boots unavailable)
Stlth   ..........               (no amulet)
HPRegen 1.13/turn                (no ring)
MPRegen 0.09/turn                (no ring)

@: berserking, very quick
A: large, unfitting armour, claws 3, regeneration 1, shaggy fur 1, tough skin 1
a: Renounce Religion, Berserk, Trog's Hand


You were on level 4 of the Dungeon.
You worshipped Trog.
Trog was most pleased with you.
You visited 1 branch of the dungeon, and saw 4 of its levels.

You collected 214 gold pieces.

Inventory:

Hand Weapons
 a - a +0 hand axe
 c - a +0 sling
 g - a +2 short sword of venom (weapon)
 n - a +2 quarterstaff of chaos
 r - a +0 sling
Missiles
 j - 2 poisoned darts (quivered)
Armour
 i - a +0 robe (worn)
 o - a +0 cloak (worn)
Scrolls
 b - a scroll of vulnerability {unknown}
 d - a scroll of teleportation
 f - 2 scrolls of poison
 k - a scroll of enchant weapon {unknown}
 l - 2 scrolls of enchant armour {unknown}
Potions
 e - a potion of experience {unknown}
 h - 2 potions of mutation {unknown}
 m - a potion of ambrosia {unknown}
 p - a potion of heal wounds {unknown}
 q - a potion of curing {unknown}
 s - a potion of invisibility {unknown}


   Skills:
 + Level 3.3 Fighting
 + Level 2.6 Short Blades
 + Level 2.7 Axes
 + Level 3.5 Dodging
 + Level 0.6 Stealth


You had 4 spell levels left.
You didn't know any spells.
Your spell library was empty.

Dungeon Overview and Level Annotations

Branches:
Dungeon (4/15)
 Temple: D:4-7

Altars:


Innate Abilities, Weirdness & Mutations

You are too large for most types of armour.
You have claws for hands.
Your natural rate of healing is unusually fast.
You are covered in fur. (AC +1)
You have tough skin. (AC +1)


Message History

The gnoll hits you from afar with a +0 spear.
You barely miss the gnoll bouda.
The gnoll bouda is moderately wounded.
The gnoll bouda utters an invocation to its god.
The gnoll bouda is healed somewhat.
The orc barely misses you. The gnoll closely misses you.
The gnoll hits you but does no damage.
You hit the gnoll bouda but do no damage.
The gnoll bouda is moderately wounded.
The gnoll bouda hits you with a +0 club.
The orc hits you from afar with a +0 trident.
The gnoll barely misses you.
The gnoll hits you from afar with a +0 spear.
* * * LOW HITPOINT WARNING * * *
A red film seems to cover your vision as you go berserk!
You feel yourself moving faster!
You feel mighty!
A gnoll comes into view. It is wielding a +0 spear.
The gnoll bouda barely misses you. The orc closely misses you.
The gnoll barely misses you.
The gnoll hits you from afar with a +0 spear.
* * * LOW HITPOINT WARNING * * *
You puncture the gnoll bouda!
You kill the gnoll bouda!
Trog accepts your kill.
The orc hits you from afar with a +0 trident.
* * * LOW HITPOINT WARNING * * *
The gnoll barely misses you. The gnoll hits you with a +0 spear.
* * * LOW HITPOINT WARNING * * *
The gnoll hits you from afar with a +0 halberd.
* * * LOW HITPOINT WARNING * * *
The orc hits you with a +0 trident.
* * * LOW HITPOINT WARNING * * *
Things that are here:
a +0 club; a +0 robe You puncture the orc!
You kill the orc!
Trog accepts your kill. The gnoll hits you with a +0 halberd.
* * * LOW HITPOINT WARNING * * *
The gnoll hits you with a +0 spear.
You die...

#.# . #.# ##...... #.#
#......# #.#
##.#....####
#.######.....(....
##................
##.).##.####..g..#
#.†..##.# #g)g#
#..#.###.# #@# ...##.#
#.## #.# #####.###..##
+#g#+ .
##..##....###...###...
##...##........8.......
##..#.#.....###...###...
...##...#..##.)#.#+ .
..###.###.##...#.#
......# #.#...##.#


You could see 4 gnolls.

Vanquished Creatures
  A hound (D:4)
  An orc priest (D:4)
  A gnoll bouda (D:4)
  Crazy Yiuf (D:3)
  An orc wizard (D:4)
  4 worms
  6 dart slugs
  6 orcs
  8 endoplasms
  2 giant cockroaches
  8 goblins
  6 hobgoblins
  5 jackals
  2 kobolds
  4 quokkas
  3 ball pythons
  9 bats
  6 frilled lizards
  3 rats
77 creatures vanquished.

Vanquished Creatures (others)
  3 fungi
  4 plants (D:3)
7 creatures vanquished.

Grand Total: 84 creatures vanquished

Notes
Turn   | Place    | Note
-------+----------+-------------------------------------------
     0 | D:1      | Sabo the Troll Berserker began the quest for the Orb.
     0 | D:1      | Reached XP level 1. HP: 22/22 MP: 0/0
   233 | D:1      | Reached XP level 2. HP: 18/29 MP: 1/1
   260 | D:1      | Found a faded altar of an unknown god.
   567 | D:1      | Reached XP level 3. HP: 36/36 MP: 2/2
   625 | D:1      | Reached ** piety under Trog
  1541 | D:2      | Reached XP level 4. HP: 45/45 MP: 3/3
  1549 | D:2      | Reached skill level 1 in Short Blades
  1947 | D:3      | Found a runed translucent door.
  1948 | D:3      | Noticed Crazy Yiuf
  1958 | D:3      | Killed Crazy Yiuf
  2354 | D:3      | Reached *** piety under Trog
  2792 | D:4      | Reached XP level 5. HP: 45/53 MP: 4/4
  2835 | D:4      | HP: 1/79 [gnoll/+0 halberd[a gnoll bouda] (4)]
  2835 | D:4      | Slain by a gnoll

Illustrated notes

Levels and vault maps discovered:
D:1:      minmay_arrival_solitary_statue, layout_rooms,
          ebering_ecumenical_altar_mist, dreamdust_mushroom_princess
D:2:      minmay_general_purpose_star, layout_basic, kennysheep_boxes
D:3:      layout_rooms, chequers_serial_rivers_small_a, serial_bayou_ford_a,
          dk_noncrumbling_4, dk_noncrumbling_3, minmay_misc_feat_encased,
          eino_curves_04, kennysheep_potato, uniq_crazy_yiuf_cottage
D:4:      cheibrodos_barr_body, layout_rooms, nicolae_qazlal_scattered_showers,
          kennysheep_crisscross, guppyfry_early_orc_mine, uniq_duvessa,
          uniq_robin, uniq_edmund

Skill      XL: |  1  2  3  4 |
---------------+-------------+-----
Dodging        | 3 |  3.5
Fighting       | 3 |  3.3
Short Blades   | 2 |  2.6
Axes           | |  2.7
Stealth        | |  0.6

Action                   |  1- 3 |  4- 6 || total
-------------------------+-------+-------++-------
Melee: Hand axe          |    29 |       ||    29
       Short sword       |    85 |    87 ||   172
       Punch             |     1 |       ||     1
Invok: Berserk           |       |     2 ||     2
  Use: Scroll            |     2 |     1 ||     3
Armor: Animal skin       |    19 |       ||    19
       Robe              |    26 |    30 ||    56
Dodge: Dodged            |    73 |    51 ||   124

Table legend: (Time is in decaauts)
 A = Elapsed time spent in this place.
 B = Non-inter-level travel time spent in this place.
 C = Inter-level travel time spent in this place.
 D = Time resting spent in this place.
 E = Time spent auto-exploring this place.
 F = Levels seen in this place.
 G = Mean time per level.
                   A        B        C        D        E       F      G
               +--------+--------+--------+--------+--------+-----+--------+
         Total |   2874 |   2874 |      0 |    461 |      0 |   4 |  718.5 |
       Dungeon |   2874 |   2874 |      0 |    461 |      0 |   4 |  718.5 |
               +--------+--------+--------+--------+--------+-----+--------+

Top non-repeatable levels by time:
     D:3: 965 daAuts
     D:2: 906 daAuts
     D:1: 865 daAuts
     D:4: 137 daAuts
